 Dungeon Crawl Stone Soup version 0.28.0 (webtiles) character file.

Game seed: 1702603325795845116

1088 GrayStillPlays the Sneak (level 8, -4/53 HPs)
             Began as an Octopode Conjurer on Feb 13, 2022.
             Was an Initiate of Ashenzari.
             Killed from afar by an acid dragon (23 damage)
             ... with a splash of acid
             ... on level 5 of the Dungeon.
             The game lasted 00:11:17 (4934 turns).

GrayStillPlays the Sneak (Octopode Conjurer)        Turns: 4934, Time: 00:11:17

Health: -4/53      AC:  1    Str:  6    XL:     8   Next: 30%
Magic:  10/14      EV: 13    Int: 22    God:    Ashenzari [......]
Gold:   179        SH:  4    Dex: 11    Spells: 12/15 levels left

rFire   . . .      SeeInvis +   k - +3 short sword (elec) {short}
rCold   . . .      Faith    .   s - +0 buckler
rNeg    . . .      Spirit   .   (helmet restricted)
rPois   .          Reflect  .   j - amulet of magic regeneration {@e2}
rElec   .          Harm     .   l - ring of see invisible
rCorr   .          Rampage  .   (no ring)
Will    .....                   (no ring)
Stlth   ++++......              (no ring)
HPRegen 0.17/turn               (no ring)
MPRegen 0.54/turn               (no ring)
                                (no ring)
                                (no ring)

@: no status effects
A: almost no armour, amphibious, 8 rings, camouflage 1, gelatinous body 1,
(nimble swimmer 1), tentacles
a: Renounce Religion, Curse Item


You were on level 5 of the Dungeon.
You worshipped Ashenzari.
Ashenzari was noncommittal.
You visited 2 branches of the dungeon, and saw 6 of its levels.

You collected 179 gold pieces.


Innate Abilities, Weirdness & Mutations

You cannot wear most types of armour.
You are amphibious.
You can wear up to eight rings at the same time.
Your skin changes colour to match your surroundings (Stealth+).
Your rubbery body absorbs attacks. (AC +1, EV +1)
((You are camouflaged when in or above water. (Stealth+)))
You have tentacles for arms and can constrict up to eight enemies at once.


   Skills:
 + Level 3.6 Fighting
 + Level 4.6 Dodging
 - Level 5.8 Stealth
 + Level 1.6 Shields
 + Level 4.2 Spellcasting
 + Level 5.8 Conjurations
 + Level 1.6 Transmutations


You had 12 spell levels left.
You knew the following spells:

 Your Spells              Type           Power      Damage    Failure   Level
a - Magic Dart            Conj           100%       1d8       1%          1
b - Searing Ray           Conj           60%        2d6       1%          2

Your spell library contained the following spells:

 Spells                   Type           Power      Damage    Failure   Level
 Dazzling Flash           Conj/Hex       34%        N/A       13%         3
 Freeze                   Ice            16%        1d4       14%         1
 Blink                    Tloc           8%         N/A       22%         2
 Frozen Ramparts          Ice            8%         1d2       41%         3
 Lesser Beckoning         Tloc           4%         N/A       41%         3
 Fulminant Prism          Conj/Hex       8%         3d7       41%         4
 Hailstorm                Conj/Ice       17%        3d6       41%         4
 Iskenderun's Mystic Bla  Conj/Tloc      17%        2d5       41%         4
 Manifold Assault         Tloc           4%         N/A       99%         5

Inventory:

Hand Weapons
 a - a +0 whip {mace}
   (You took it off a kobold on level 1 of the Dungeon)
 d - a +0 short sword {short}
   (You found it on level 1 of the Dungeon)
 k - a +3 short sword of electrocution (weapon) {short}
   (You found it on level 2 of the Dungeon)
 A - the +1 dagger "Fish" {pain, rElec rC- Str+2 Int+5, short}
   (You found it on level 4 of the Dungeon)

   In the hands of one skilled in necromantic magic, it inflicts extra damage on
   living creatures.
   Str:       It affects your strength (+2).
   Int:       It affects your intelligence (+5).
   rC:        It makes you vulnerable to cold.
   rElec:     It insulates you from electricity.
Missiles
 e - 9 bolts
 g - 49 arrows
 i - 76 stones {throwing}
 o - 4 boomerangs {throwing}
 r - 2 poisoned darts {throwing}
 y - 47 sling bullets
Armour
 s - a +0 buckler (worn)
   (You found it on level 3 of the Dungeon)
Jewellery
 b - an amulet of reflection
   (You found it on level 1 of the Dungeon)
 j - an amulet of magic regeneration (around mantle) {@e2}
   (You found it on level 2 of the Dungeon)
 l - a ring of see invisible (left tentacle)
   (You found it on level 2 of the Dungeon)
 u - a ring of fire
   (You found it on level 3 of the Dungeon)
Scrolls
 c - a scroll of immolation {unknown}
 f - 3 scrolls of vulnerability {unknown}
 h - 6 scrolls of identify {unknown}
 m - a scroll of noise {unknown}
 n - 3 scrolls of teleportation {unknown}
 q - a scroll of magic mapping {unknown}
 t - 2 scrolls of blinking {unknown}
 w - a scroll of acquirement {unknown}
 B - a scroll of fear {unknown}
Potions
 p - 3 potions of curing {@q1}
 v - a potion of flight {unknown}
 x - a potion of mutation {unknown}
 z - a potion of attraction {unknown}

Dungeon Overview and Level Annotations

Branches:
Dungeon (5/15)             Temple (1/1) D:4

Altars:
Ashenzari
Cheibriados
Elyvilon
Fedhas
Hepliaklqana
Makhleb
Nemelex Xobeh
Okawaru
Qazlal
Ru
Trog
Yredelemnul
The Shining One

Shops:
D:1 ( D:4

: ....# ....# ..
....# ...
....#######.# ####
..................
##........###.##.#
#####..........#.#
#..........#D#
#...<......#@#
##....#......#
#...##....#.#
#.#..+....#.###.#
#.#.##... #.....#
##...##... #.#####
#.....#.. #.#
#..)..##+# #.#
##.....# .. #.#


You could see an acid dragon (catching breath).


Message History

Found a stone staircase leading down.
An iguana comes into view.
The iguana moves out of view.
Ashenzari invites you to partake of a vision and a curse of melee combat and ranged combat.
An iguana is nearby!
An iguana is nearby!
Casting: Searing Ray (safe; 1% risk of failure)
Confirm with . or Enter, or press ? or * to list all spells.
Aiming: Searing Ray (safe; 1% risk of failure)
Press: ? - help, Shift-Dir - straight line, f - iguana
Aim: an iguana (wandering, hasn't noticed you, 82% to hit)
The searing ray hits the iguana.
The iguana hisses angrily. (Press . to maintain the ray.) 😎 MP[-2]
You lost 2 mp, and now have 12/14 mp.
The searing ray hits the iguana!
The iguana bites you! 😕 HP[-12]
You take 12 damage, and now have 40/52 hp.
MASSIVE DAMAGE!! (PAUSE)
The searing ray hits the iguana!
You kill the iguana! 😕 MP[-1]
You lost 1 mp, and now have 11/14 mp.
You finish channelling your searing ray. 😕 HP[+1]
A water moccasin skeleton comes into view. 😕 HP[+7] MP[+3]
You regained 7 hp, and now have 48/52 hp.
Your mp is fully restored (14).
The magic dart hits the water moccasin skeleton! 😕 MP[-1]
You lost 1 mp, and now have 13/14 mp.
The magic dart hits the water moccasin skeleton! 😕 HP[+1]
The magic dart hits the water moccasin skeleton.
The magic dart hits the water moccasin skeleton! 😕 MP[-1]
You lost 1 mp, and now have 12/14 mp.
Casting: Magic Dart (safe; 1% risk of failure)
Confirm with . or Enter, or press ? or * to list all spells.
Aiming: Magic Dart (safe; 1% risk of failure)
Press: ? - help, Shift-Dir - straight line, f/p - water moccasin skeleton
Aim: a water moccasin skeleton (severely damaged, 100% to hit)
The magic dart hits the water moccasin skeleton.
Casting: Magic Dart (safe; 1% risk of failure)
Confirm with . or Enter, or press ? or * to list all spells.
Aiming: Magic Dart (safe; 1% risk of failure)
Press: ? - help, Shift-Dir - straight line, f/p - water moccasin skeleton
Aim: a water moccasin skeleton (almost destroyed, 100% to hit)
The magic dart hits the water moccasin skeleton.
The water moccasin skeleton bites you. 😕 HP[-6] MP[-1]
You take 6 damage, and now have 43/52 hp.
You lost 1 mp, and now have 11/14 mp.
The magic dart hits the water moccasin skeleton.
You destroy the water moccasin skeleton! 😕 HP[+1]
You now have 53 max hp (+1).
You can't see any susceptible monsters within range! (Use Z to cast anyway.)
You can't see any susceptible monsters within range! (Use Z to cast anyway.)
You now have 179 gold pieces (gained 4).
B - a scroll labelled HEZOKHAYTU 😎 HP[+9] MP[+3]
Your hp is fully restored (53).
Your mp is fully restored (14).
An acid dragon comes into view.
The acid dragon roars!
The acid dragon spits acid at you. The splash of acid hits you!! 😮 HP[-21]
You take 21 damage, and now have 32/53 hp.
MASSIVE DAMAGE!! (PAUSE)
Casting: Magic Dart (safe; 1% risk of failure)
Confirm with . or Enter, or press ? or * to list all spells.
Aiming: Searing Ray (safe; 1% risk of failure)
Press: ? - help, Shift-Dir - straight line, f - acid dragon
Aim: an acid dragon (catching its breath, 79% to hit)
The searing ray misses the acid dragon. (Press . to maintain the ray.) 😮 MP[-2]
You lost 2 mp, and now have 12/14 mp.
The searing ray hits the acid dragon. 😮 HP[+1]
The searing ray hits the acid dragon.
The acid dragon bites you!
* * * LOW HITPOINT WARNING * * *
The acid dragon closely misses you. 😨 HP[-14]
You take 14 damage, and now have 19/53 hp.
MASSIVE DAMAGE!! (PAUSE) Unknown command.
Casting: Searing Ray (safe; 1% risk of failure)
Confirm with . or Enter, or press ? or * to list all spells.
Restarting spell: Searing Ray (safe; 1% risk of failure)
Press: ? - help, Shift-Dir - straight line, f/p - acid dragon
Aim: an acid dragon (lightly wounded, 79% to hit)
The searing ray hits the acid dragon. (Press . to maintain the ray.)
The acid dragon spits acid at you. The splash of acid hits you!!
You die...

Skill      XL: |  1  2  3  4  5  6  7 |
---------------+----------------------+-----
Stealth        | 3 4 5 |  5.8
Fighting       | 1 2 3 |  3.6
Dodging        | 3 4 |  4.6
Spellcasting   | 3 4 |  4.2
Conjurations   | 5 |  5.8
Shields        | 1 |  1.6
Transmutations | 1 |  1.6

Action                   |  1- 3 |  4- 6 |  7- 9 || total
-------------------------+-------+-------+-------++-------
Melee: Unarmed           |     2 |       |       ||     2
       Tentacles         |     1 |       |       ||     1
       Short sword       |     3 |    11 |       ||    14
       Constrict         |     1 |     3 |       ||     4
       Punch             |       |     1 |       ||     1
Throw: Stone             |       |       |    16 ||    16
       Dart              |       |       |     2 ||     2
 Cast: Magic Dart        |    60 |   114 |    21 ||   195
       Searing Ray       |       |    16 |    14 ||    30
  Use: Potion            |     1 |       |       ||     1
Armor: Skin              |     1 |     1 |     1 ||     3
Dodge: Dodged            |    10 |    25 |    17 ||    52
Block: Buckler           |       |     3 |     6 ||     9

Levels and vault maps discovered:
D:1:      dpeg_arrival_arbitrary_a, layout_basic, serial_shops, shop,
          basic_ecumenical_altar
D:2:      layout_basic, serial_bayou_pond_e, minmay_octomino_j4, uniq_natasha
D:3:      layout_basic, mainiacjoe_overflow_small_starburst, serial_glass,
          glass_columns_b, glass_columns_a, glass_columns_c, glass_columns_c,
          glass_columns_b, glass_columns_b, glass_columns_c, glass_columns_b,
          glass_columns_b, glass_columns_a, glass_columns_a, glass_columns_a,
          glass_columns_c, glass_columns_a
D:4:      layout_basic, nemelex_spade_bored_becter, minmay_temple_entry_ruins,
          serial_shops, nicolae_shop_trees, uniq_duvessa
D:5:      layout_basic, guppyfry_shop_venom, uniq_grinder,
          uniq_crazy_yiuf_cottage
Temple:   nicolae_temple_x_marks_the_god

Notes
Turn   | Place    | Note
-------+----------+-------------------------------------------
     0 | D:1      | GrayStillPlays the Octopode Conjurer began the quest for
                  | the Orb.
     0 | D:1      | Reached XP level 1. HP: 11/11 MP: 3/3
     0 | D:1      | magus.rc [v1.9.6]
    57 | D:1      | Found a faded altar of an unknown god.
   209 | D:1      | You pick up a book of Spatial Translocations and begin
                  | reading...
   209 | D:1      | You add the spells Blink, Lesser Beckoning and Manifold
                  | Assault to your library.
   290 | D:1      | Reached skill level 3 in Stealth
   290 | D:1      | Reached XP level 2. HP: 17/17 MP: 0/5
   600 | D:1      | Found Eczu's Antique Weapon Shoppe.
  1046 | D:2      | Reached XP level 3. HP: 15/21 MP: 1/6
  1237 | D:2      | HP: 3/21 [adder (4)]
  1243 | D:2      | Reached XP level 4. HP: 16/27 MP: 2/7
  1246 | D:2      | HP: 6/27 [jackal (2)]
  1621 | D:2      | Learned a level 2 spell: Searing Ray
  1905 | D:2      | Reached skill level 4 in Stealth
  2057 | D:2      | Reached skill level 1 in Fighting
  2061 | D:2      | Noticed Natasha
  2071 | D:2      | Killed Natasha
  2072 | D:2      | Reached XP level 5. HP: 23/33 MP: 4/9
  2273 | D:2      | Noticed Natasha
  2278 | D:2      | Killed Natasha
  2278 | D:2      | Noticed Natasha
  2279 | D:2      | Reached skill level 3 in Dodging
  2285 | D:2      | Killed Natasha
  2286 | D:2      | Reached skill level 3 in Spellcasting
  2720 | D:3      | Found a bloodstained altar of Trog.
  2961 | D:3      | Reached XP level 6. HP: 30/38 MP: 4/10
  3725 | D:3      | You pick up a book of Frost and begin reading...
  3725 | D:3      | You add the spells Freeze, Frozen Ramparts and Hailstorm to
                  | your library.
  3866 | D:4      | Reached skill level 2 in Fighting
  3866 | D:4      | Reached skill level 5 in Conjurations
  3867 | D:4      | Reached skill level 5 in Stealth
  3918 | D:4      | Found a staircase to the Ecumenical Temple.
  3927 | Temple   | Entered the Ecumenical Temple
  3967 | Temple   | Became a worshipper of Ashenzari the Shackled
  4091 | D:4      | Noticed a necrophage
  4102 | D:4      | Killed a necrophage
  4103 | D:4      | Reached XP level 7. HP: 45/45 MP: 6/12
  4142 | D:4      | Found Piaff's Book Boutique.
  4149 | D:4      | Noticed Duvessa
  4168 | D:4      | Killed Duvessa
  4222 | D:4      | Noticed Dowan
  4228 | D:4      | Killed Dowan
  4229 | D:4      | Reached skill level 4 in Dodging
  4424 | D:4      | Found a sparkling altar of Nemelex Xobeh.
  4619 | D:4      | Identified the +1 dagger "Fish" {pain, rElec rC- Str+2
                  | Int+5}
  4672 | D:5      | Entered Level 5 of the Dungeon
  4681 | D:5      | Reached skill level 3 in Fighting
  4727 | D:5      | Noticed Grinder
  4752 | D:5      | Killed Grinder
  4753 | D:5      | Reached skill level 1 in Shields
  4753 | D:5      | Reached skill level 4 in Spellcasting
  4753 | D:5      | Reached skill level 1 in Transmutations
  4753 | D:5      | Reached XP level 8. HP: 52/52 MP: 6/14
  4934 | D:5      | Killed from afar by an acid dragon

Vanquished Creatures
  Grinder (D:5)
  Duvessa (D:4)
  2 necrophages
  An ogre (D:5)
  A scorpion (D:5)
  A water moccasin skeleton (D:5)
  Dowan (D:4)
  2 hounds (D:4)
  Natasha (thrice) (D:2)
  An iguana (D:5)
  3 gnolls (D:3)
  10 adders
  An ufetubus (D:4)
  An adder skeleton (D:4)
  2 worms (D:2)
  A dart slug (D:3)
  16 orcs
  9 ball pythons
  3 bats
  9 endoplasms
  A giant cockroach (D:1)
  7 goblins
  7 hobgoblins
  4 jackals (D:2)
  A quokka (D:2)
  4 frilled lizards
  8 kobolds
  5 rats
106 creatures vanquished.

Table legend:
 A = Non-vault XP
 B = Vault XP
 C = Vault XP percentage of total XP
 D = Non-vault monster count
 E = Vault monster count
 F = Vault count percentage of total count
                 A         B        C        D         E       F
            +---------+---------+-------+---------+---------+-------
      Total |    1041 |     514 |  33.1 |      99 |       7 |   6.6
            +---------+---------+-------+---------+---------+-------
        D:1 |      26 |       0 |   0.0 |      17 |       0 |   0.0
        D:2 |     191 |      52 |  21.4 |      27 |       4 |  12.9
        D:3 |     135 |       0 |   0.0 |      33 |       0 |   0.0
        D:4 |     257 |     204 |  44.3 |      17 |       2 |  10.5
        D:5 |     432 |     258 |  37.4 |       5 |       1 |  16.7
            +---------+---------+-------+---------+---------+-------

Illustrated notes

Table legend:
 A = Kills in this place as a percentage of kills in entire the game.
 B = Kills by you in this place as a percentage of kills by you in the entire game.
 C = Kills by friends in this place as a percentage of kills by friends in the entire game.
 D = Other kills in this place as a percentage of other kills in the entire game.
 E = Experience gained in this place as a percentage of experience gained in the entire game.
 F = Experience gained in this place divided by the number of levels of this place that you have seen.
                   A       B       C       D       E      F
               +-------+-------+-------+-------+-------+----------------------
         Total | 100.0 | 100.0 |   N/A |   N/A | 100.0 | 259.2
       Dungeon | 100.0 | 100.0 |   N/A |   N/A | 100.0 | 311.0
               +-------+-------+-------+-------+-------+----------------------

Table legend: (Time is in decaauts)
 A = Elapsed time spent in this place.
 B = Non-inter-level travel time spent in this place.
 C = Inter-level travel time spent in this place.
 D = Time resting spent in this place.
 E = Time spent auto-exploring this place.
 F = Levels seen in this place.
 G = Mean time per level.
                   A        B        C        D        E       F      G
               +--------+--------+--------+--------+--------+-----+--------+
         Total |   4951 |   4642 |    309 |    677 |   3321 |   6 |  825.2 |
       Dungeon |   4901 |   4592 |    309 |    677 |   3292 |   5 |  980.2 |
        Temple |     50 |     50 |      0 |      0 |     29 |   1 |   50.0 |
               +--------+--------+--------+--------+--------+-----+--------+

Top non-repeatable levels by time:
     D:3: 1437 daAuts
     D:2: 1416 daAuts
     D:1: 1007 daAuts
     D:4: 781 daAuts
     D:5: 258 daAuts
  Temple: 50 daAuts
